 Dungeon Crawl Stone Soup version 0.19.1 (webtiles) character file.

158 KingBobo974 the Twirler (level 5, -4/33 HPs)
             Began as a Gargoyle Gladiator on Dec 9, 2016.
             Killed from afar by an orc wizard (10 damage)
             ... with a puff of flame
             ... on level 4 of the Dungeon.
             The game lasted 00:12:56 (2617 turns).

KingBobo974 the Twirler (Gargoyle Gladiator)        Turns: 2617, Time: 00:12:56

Health: -4/33      AC: 11    Str: 20      XL:     5   Next: 39%
Magic:  4/4        EV: 11    Int: 11 (12) God:
Gold:   154        SH:  0    Dex: 10      Spells: 0 memorised, 4 levels left

rFire  . . .     SeeInvis .     a - +0 quarterstaff
rCold  . . .     Gourm    .     h - +0 ring mail
rNeg   + . .     Faith    .     (shield currently unavailable)
rPois  ∞         Spirit   .     c - +0 helmet
rElec  +         Reflect  .     (no cloak)
rCorr  .         Harm     .     e - +0 pair of gloves
MR     .....                    (no boots)
Stlth  ..........               (no amulet)
                                (no ring)
                                (no ring)

@: no status effects
A: clever 2, low mp 1, negative energy resistance 1, electricity resistance,
unbreathing, petrification resistance, rot immunity, AC +4
a: no special abilities


You were on level 4 of the Dungeon.
You were very hungry.

You visited 1 branch of the dungeon, and saw 4 of its levels.

You collected 154 gold pieces.

Inventory:

Hand Weapons
 a - a +0 quarterstaff (weapon)
Missiles
 d - 3 throwing nets (quivered)
Armour
 b - a +0 leather armour
 c - a +0 helmet (worn)
 e - a +0 pair of gloves (worn)
 g - a +0 ring mail
 h - a +0 ring mail (worn)
 k - a +0 leather armour
 n - a +0 scale mail
Jewellery
 f - an uncursed ring of wizardry {unknown}
Scrolls
 q - a scroll of fog
Potions
 j - 3 potions of heal wounds
 l - 2 potions of degeneration
 p - a potion of flight
Comestibles
 m - a meat ration
 o - a bread ration


   Skills:
 * Level 3.8 Fighting
 * Level 4.2 Staves
 - Level 1.8 Throwing
 * Level 2.1 Armour
 - Level 2.6 Dodging


You had 4 spell levels left.
You didn't know any spells.

Dungeon Overview and Level Annotations

Branches:
Dungeon (4/15)
 Temple: D:4-7

Altars:


Innate Abilities, Weirdness & Mutations

You are resistant to torment.
Your stone body is resilient. (AC +4)
You are immune to poison.
You resist negative energy. (rN+)
You are resistant to electric shocks. (rElec)
You can survive without breathing.
You are immune to petrification.
You are immune to rotting.
Your mind is very acute. (Int +4)
Your magical capacity is low. (-10% MP)


Message History

The orc wizard closely misses you.
You barely miss the orc wizard.
The orc wizard is severely wounded.
The quokka skeleton barely misses you. Something hits you but does no damage.
The orc wizard hits you but does no damage. x2
The orc hits you with a short sword.
* * * LOW HITPOINT WARNING * * *
The giant cockroach bites you but does no damage.
You hit the orc wizard.
The orc wizard is almost dead.
An orc wizard appears from thin air!
Reactivating autopickup.
The orc wizard casts a spell at you. The magic dart hits you!
* * * LOW HITPOINT WARNING * * *
The orc wizard hits you but does no damage.
The quokka skeleton misses you. The orc wizard casts a spell at you.
The puff of flame hits you!
You die...

# #. # . ..
.. #. #. ...
#.##.####....
#........ .#
#......##..#
#...)oo....#
#...oso##..#
#.!.o@o#
#.##Z.## ..
...[.
###.##..## #
.... ##..#
#..# ....


You could see 3 orc wizards, 3 orcs, a giant cockroach and a quokka skeleton.

Vanquished Creatures
  2 orc wizards
  3 adders (D:3)
  An ooze (D:2)
  2 dart slugs (D:1)
  3 leopard geckos (D:3)
  5 orcs
  A ball python (D:1)
  2 giant cockroaches
  6 goblins
  3 hobgoblins
  3 jackals (D:3)
  3 quokkas
  8 bats
  3 frilled lizards
  7 kobolds
  5 rats
57 creatures vanquished.

Notes
Turn   | Place    | Note
-------+----------+-------------------------------------------
     0 | D:1      | KingBobo974 the Gargoyle Gladiator began the quest for the Orb.
     0 | D:1      | Reached XP level 1. HP: 12/12 MP: 1/1
   104 | D:1      | Reached XP level 2. HP: 14/17 MP: 2/2
   784 | D:1      | Reached XP level 3. HP: 22/22 MP: 3/3
  1005 | D:2      | Gained mutation: Your magical capacity is low. (-10% MP) [potion of mutation]
  1005 | D:2      | Gained mutation: Your mind is acute. (Int +2) [potion of mutation]
  1005 | D:2      | Gained mutation: Your mind is very acute. (Int +4) [potion of mutation]
  1800 | D:3      | Paralysed by fainting for 9 turns
  1825 | D:3      | Paralysed by fainting for 5 turns
  1846 | D:3      | Paralysed by fainting for 5 turns
  1933 | D:3      | Reached XP level 4. HP: 12/28 MP: 3/3
  2013 | D:3      | Reached skill level 1 in Armour
  2191 | D:3      | Reached skill level 4 in Staves
  2214 | D:3      | Reached XP level 5. HP: 7/33 MP: 4/4
  2617 | D:4      | Killed from afar by an orc wizard

Skill      XL: |  1  2  3  4  5 |
---------------+----------------+-----
Fighting       | 3 |  3.8
Armour         | 1 2 |  2.1
Staves         | 4 |  4.2
Throwing       | |  1.8
Dodging        | |  2.6

Action                   |  1- 3 |  4- 6 || total
-------------------------+-------+-------++-------
Melee: Quarterstaff      |    99 |    90 ||   189
  Use: Potion            |     5 |     1 ||     6
       Scroll            |     2 |     1 ||     3
  Eat: Bread ration      |     1 |       ||     1
Armor: Ring mail         |    76 |   156 ||   232
Dodge: Dodged            |    73 |   155 ||   228
